 Dungeon Crawl Stone Soup version 0.31.0-9-g3a7656b989 (webtiles) character file.

Game seed: 3014029237264171503

1140 qw the Nimble (level 8, -2/39 HPs)
             Began as a Spriggan Hunter on Feb 3, 2024.
             Was a Follower of Okawaru.
             Succumbed to a killer bee's poison
             ... on level 7 of the Dungeon.
             The game lasted 00:00:58 (4628 turns).

qw the Nimble (Spriggan Hunter)                     Turns: 4628, Time: 00:00:59

Health: -2/39      AC:  2    Str:  7    XL:     8   Next: 14%
Magic:  9/9        EV: 27    Int: 11    God:    Okawaru [*.....]
Gold:   244        SH:  0    Dex: 26    Spells: 7/7 levels left

rFire   . . .        n - +0 orcbow
rCold   . . .        (shield currently unavailable)
rNeg    . . .        c - +0 robe
rPois   .            (helmet restricted)
rElec   .            (no cloak)
rCorr   .            (gloves unavailable)
SInv    +            (boots unavailable)
Will    +....        (no amulet)
Stlth   ++           f - +6 ring of dexterity
HPRegen 0.26/turn    (no ring)
MPRegen 0.11/turn

%: no passive effects
@: lethally poisoned (-2 -> -12), about to teleport, very quick
A: very small, no large weapons, unfitting armour, see invisible, speed 3
a: Renounce Religion, Heroism


You were on level 7 of the Dungeon.
You worshipped Okawaru.
Okawaru was aware of your devotion.
You visited 2 branches of the dungeon, and saw 8 of its levels.

You collected 244 gold pieces.


Innate Abilities, Weirdness & Mutations

You are very small and have problems with some larger weapons.
You are too small for most types of armour.
You have supernaturally acute eyesight. (SInv)
You cover ground extremely quickly. (Speed+++)


   Skills:
 - Level 2.3 Fighting
 + Level 7.9 Ranged Weapons
 - Level 9.0 Dodging
 - Level 1.5 Stealth
 + Level 0.0 Invocations


You had 7 spell levels left.
You didn't know any spells.
Your spell library was empty.

Inventory:

Hand Weapons
 n - a +0 orcbow (weapon)
Armour
 c - a +0 robe (worn)
Jewellery
 f - a +6 ring of dexterity (left hand)
Wands
 k - a wand of roots (8)
 l - a wand of polymorph (19)
Scrolls
 d - 5 scrolls of teleportation
Potions
 b - 2 potions of curing
 e - a potion of might
 g - a potion of mutation
 h - a potion of haste {unknown}
 j - a potion of resistance {unknown}
 m - a potion of magic

Dungeon Overview and Level Annotations

Branches:
Dungeon (7/15)             Temple (1/1) D:6

Altars:
Ashenzari
Dithmenos
Elyvilon
Fedhas
Hepliaklqana
Makhleb
Nemelex Xobeh
Okawaru
Qazlal
Ru
Trog
Uskayaw
Vehumet
Wu Jian
Xom
Yredelemnul
Zin
The Shining One

Shops:
D:6 *

Annotations:
D:4 1 runed translucent door, Crazy Yiuf


Message History

4621 ||| RETREEEEATING.
You feel sick.
You shoot an arrow. The arrow misses the killer bee.
You feel sick. The killer bee misses you. x2
The killer bee completely misses you. The killer bee closely misses you.
You shoot an arrow.
The arrow closely misses the killer bee.
You feel sick. The killer bee misses you. The killer bee stings you!
You are more poisoned.
The killer bee poisons you! The killer bee completely misses you.
The killer bee misses you. x2
You shoot an arrow.
The arrow closely misses the killer bee.
You feel very sick. The killer bee completely misses you.
The killer bee barely misses you.
The killer bee stings you. x2; The killer bee completely misses you.
The killer bee barely misses you.
You shoot an arrow. The arrow hits the killer bee!
The killer bee is almost dead.
You feel very sick. The killer bee completely misses you.
The killer bee closely misses you. The killer bee completely misses you.
The killer bee misses you. x2
The killer bee completely misses you.
4626 ||| READING 6 scrolls of teleportation.
As you read the scroll of teleportation, it crumbles to dust.
You feel strangely unstable.
You feel sick. The killer bee closely misses you.
The killer bee completely misses you. x3; The killer bee misses you.
The killer bee stings you.
You are more poisoned.
The killer bee poisons you!
You shoot an arrow. The arrow hits the killer bee!
You kill the killer bee!
Okawaru accepts your kill.
You can now gain great but temporary skills.
You feel very sick. The killer bee barely misses you.
The killer bee misses you.
The killer bee closely misses you. x2; The killer bee misses you.
You shoot an arrow. The arrow barely misses the killer bee.
You die...

#...# #...#
#...# #...#
#...## #....
..######..###
.......#y...#
#...@y...#
#.#y##...##.#
#....<....#
###########


You could see 3 killer bees.

Vanquished Creatures
  Eustachio (D:4)
  An ogre (D:6)
  A centaur (D:6)
  Blork the orc (D:4)
  A killer bee (D:7)
  4 hounds
  3 orc priests (D:6)
  2 jellies
  2 gnoll boudas
  An iguana (D:4)
  4 orc wizards (D:6)
  7 gnolls
  6 adders
  A shadow imp (D:6)
  A white imp (D:6)
  A dart slug (D:4)
  A ribbon worm (D:4)
  26 orcs
  9 ball pythons
  5 bats
  5 endoplasms
  7 giant cockroaches
  10 goblins
  10 hobgoblins
  3 jackals (D:4)
  A quokka (D:2)
  3 frilled lizards (D:1)
  9 kobolds
  7 rats
133 creatures vanquished.

Notes
Turn   | Place    | Note
-------+----------+-------------------------------------------
     0 | D:1      | qw the Spriggan Hunter began the quest for the Orb.
     0 | D:1      | Reached XP level 1. HP: 10/10 MP: 2/2
     0 | D:1      | 0 ||| qw: Version: 0.3-a-155-g5e7d8dd
     0 | D:1      | 0 ||| qw: Game counter: 2942
     0 | D:1      | 0 ||| qw: Melee chars always use a shield: true
     0 | D:1      | 0 ||| qw: God list: Okawaru
     0 | D:1      | 0 ||| qw: Allow faded altars: false
     0 | D:1      | 0 ||| qw: Do Orc after clearing Dungeon:15 true
     0 | D:1      | 0 ||| qw: Do second Lair branch before Depths: true
     0 | D:1      | 0 ||| qw: Lair rune preference: random
     0 | D:1      | 0 ||| qw: Goals: Normal
     0 | D:1      | 0 ||| PLANNING D:1-11
    15 | D:1      | Reached skill level 3 in Dodging
   106 | D:1      | Reached XP level 2. HP: 14/14 MP: 3/3
   138 | D:1      | Reached skill level 4 in Dodging
   477 | D:1      | Found a faded altar of an unknown god.
   554 | D:1      | 554 ||| READING scroll labelled BAGUVAUKES.
   558 | D:1      | 558 ||| READING 2 scrolls labelled BUNKA XETAOMO.
   558 | D:1      | 558 ||| ENCHANTING +0 shortbow.
   559 | D:1      | 559 ||| READING scroll of enchant weapon.
   559 | D:1      | 559 ||| ENCHANTING +1 shortbow.
   560 | D:1      | 560 ||| READING scroll labelled NAXIROGAMA.
   561 | D:1      | 561 ||| READING scroll labelled UHARCH GOENAOCH.
   561 | D:1      | 561 ||| IDENTIFYING pink potion
   562 | D:1      | 562 ||| DROPPING scroll of butterflies.
   586 | D:2      | Reached XP level 3. HP: 18/18 MP: 4/4
  1239 | D:3      | Reached XP level 4. HP: 22/22 MP: 5/5
  2057 | D:3      | 2057 ||| READING scroll labelled HIMNIL EHOSODD.
  2101 | D:4      | Reached skill level 5 in Dodging
  2176 | D:4      | 2176 ||| RETREEEEATING.
  2178 | D:4      | 2178 ||| RETREEEEATING.
  2179 | D:4      | 2179 ||| RETREEEEATING.
  2180 | D:4      | 2180 ||| RETREEEEATING.
  2184 | D:4      | Reached XP level 5. HP: 26/27 MP: 6/6
  2470 | D:4      | Noticed Blork the orc
  2477 | D:4      | Killed Blork the orc
  2478 | D:4      | Reached skill level 6 in Ranged Weapons
  2478 | D:4      | Reached XP level 6. HP: 31/31 MP: 7/7
  2502 | D:4      | Noticed Eustachio
  2513 | D:4      | Killed Eustachio
  2514 | D:4      | Reached skill level 6 in Dodging
  2619 | D:4      | 2619 ||| FLEEEEING.
  2620 | D:4      | 2620 ||| FLEEEEING.
  2621 | D:4      | 2621 ||| FLEEEEING.
  2622 | D:4      | 2622 ||| FLEEEEING.
  2624 | D:4      | 2624 ||| FLEEEEING.
  2625 | D:4      | 2625 ||| FLEEEEING.
  2626 | D:4      | 2626 ||| FLEEEEING.
  2628 | D:4      | 2628 ||| FLEEEEING.
  2629 | D:4      | 2629 ||| FLEEEEING.
  2630 | D:4      | 2630 ||| FLEEEEING.
  2659 | D:4      | Reached XP level 7. HP: 35/35 MP: 8/8
  2747 | D:4      | Found a runed translucent door.
  2748 | D:4      | Noticed Crazy Yiuf
  2938 | D:4      | 2938 ||| UPGRADING to +6 ring of dexterity.
  2939 | D:4      | 2939 ||| READING scroll labelled NOOZEI XYIR.
  2939 | D:4      | 2939 ||| BRANDING +2 shortbow.
  2967 | D:5      | Entered Level 5 of the Dungeon
  3771 | D:5      | 3771 ||| READING 3 scrolls labelled WICRIA KYPYA.
  3772 | D:5      | 3772 ||| DRINKING 2 viscous orange potions.
  3806 | D:5      | 3806 ||| DROPPING potion of lignification.
  3807 | D:5      | 3807 ||| DROPPING 2 scrolls of fog.
  3848 | D:6      | Reached skill level 7 in Dodging
  3864 | D:6      | Found Huural's Lightly-Used Armoury.
  3872 | D:6      | 3872 ||| READING scroll of identify.
  3872 | D:6      | 3872 ||| IDENTIFYING cyan potion
  3908 | D:6      | Found a staircase to the Ecumenical Temple.
  3909 | D:6      | 3909 ||| PLANNING TEMPLE
  3926 | Temple   | Entered the Ecumenical Temple
  3927 | Temple   | 3927 ||| PLANNING OKAWARU WORSHIP
  3934 | Temple   | Became a worshipper of Warmaster Okawaru
  3935 | Temple   | 3935 ||| PLANNING D:1-11
  4067 | D:6      | Reached skill level 8 in Dodging
  4119 | D:6      | 4119 ||| FLEEEEING.
  4120 | D:6      | 4120 ||| FLEEEEING.
  4147 | D:6      | Reached skill level 9 in Dodging
  4181 | D:6      | Reached XP level 8. HP: 39/39 MP: 9/9
  4267 | D:6      | 4267 ||| SWAPPING to +0 orcbow.
  4268 | D:6      | 4268 ||| DROPPING +2 shortbow of flaming.
  4481 | D:6      | 4481 ||| READING scroll of identify.
  4481 | D:6      | 4481 ||| IDENTIFYING smoky amethyst potion
  4482 | D:6      | 4482 ||| DRINKING 2 emerald potions.
  4496 | D:7      | 4496 ||| STAIRDANCE
  4618 | D:7      | 4618 ||| RETREEEEATING.
  4619 | D:7      | 4619 ||| RETREEEEATING.
  4620 | D:7      | 4620 ||| RETREEEEATING.
  4621 | D:7      | 4621 ||| RETREEEEATING.
  4625 | D:7      | HP: 9/39 [poisoned by a killer bee]
  4626 | D:7      | 4626 ||| READING 6 scrolls of teleportation.
  4626 | D:7      | HP: 4/39 [killer bee (4)]
  4627 | D:7      | Reached * piety under Okawaru
  4627 | D:7      | HP: 1/39 [poisoned by a killer bee]
  4628 | D:7      | Succumbed to a killer bee's poison

Levels and vault maps discovered:
D:1:      elethiomel_arrival_diamonds, layout_rooms,
          chequers_ecumenical_altar_lobes
D:2:      layout_basic, grunt_decor_mini_mirrors, minmay_misc_feat_five
D:3:      layout_loops_corners
D:4:      layout_basic, uniq_blork_the_orc, uniq_eustachio,
          uniq_crazy_yiuf_cottage
D:5:      layout_cave_pods, bh_walls_and_bars
D:6:      layout_cave_pools, minmay_temple_entry_water_ring,
          minmay_shop_damaged, hangedman_decor_riveting
D:7:      layout_basic, nicolae_overflow_hidden_temple, amcnicky_altar_gilded,
          eino_tiny_chamber
Temple:   nicolae_temple_two_arcs

Skill      XL: |  1  2  3  4  5  6  7 |
---------------+----------------------+-----
Dodging        | 3 4 5 6 9 |  9.0
Ranged Weapons | 5 6 7 |  7.9
Fighting       | 2 |  2.3
Stealth        | |  1.5

Action                     |  1- 3 |  4- 6 |  7- 9 || total
---------------------------+-------+-------+-------++-------
   Fire: Shortbow          |   111 |   138 |   105 ||   354
         Orcbow            |       |       |    10 ||    10
    Use: Scroll            |     5 |     1 |     5 ||    11
         Potion            |       |       |     2 ||     2
 Armour: Robe              |     3 |    13 |    15 ||    31
  Dodge: Dodged            |    22 |    52 |   104 ||   178

Table legend:
 A = Non-vault XP
 B = Vault XP
 C = Vault XP percentage of total XP
 D = Non-vault monster count
 E = Vault monster count
 F = Vault count percentage of total count
                 A         B        C        D         E       F
            +---------+---------+-------+---------+---------+-------
      Total |    1324 |     305 |  18.7 |     124 |       9 |   6.8
            +---------+---------+-------+---------+---------+-------
        D:1 |      31 |       9 |  22.5 |      19 |       7 |  26.9
        D:2 |      49 |       0 |   0.0 |      15 |       0 |   0.0
        D:3 |      34 |       0 |   0.0 |      19 |       0 |   0.0
        D:4 |     351 |     296 |  45.7 |      30 |       2 |   6.2
        D:5 |      34 |       0 |   0.0 |       8 |       0 |   0.0
        D:6 |     764 |       0 |   0.0 |      32 |       0 |   0.0
        D:7 |      61 |       0 |   0.0 |       1 |       0 |   0.0
            +---------+---------+-------+---------+---------+-------
